 Dungeon Crawl Stone Soup version 0.29-a0-486-ga88943ba61 (webtiles) character file.

Game seed: 2178096970796874054

18590 Bruhh the Fighter (level 12, -7/126 HPs)
             Began as an Ogre Earth Elementalist on May 26, 2022.
             Was a High Priest of Vehumet.
             Mangled by a reaper
             ... wielding a +2 scythe of freezing
              (34 damage)
             ... in an ice cave.
             The game lasted 00:21:11 (16877 turns).

Bruhh the Fighter (Ogre Earth Elementalist)        Turns: 16877, Time: 00:21:11

Health: -7/126     AC:  4    Str: 15    XL:     12   Next: 60%
Magic:  11/24      EV:  9    Int: 23    God:    Vehumet [*****.]
Gold:   917        SH: 10    Dex: 12    Spells: 8/27 levels left

rFire   . . .      SeeInvis .   j - +7 flail "Gusmep" {speed, Int+3 Dex+3}
rCold   + + .      Faith    +   K - +0 kite shield
rNeg    . . .      Spirit   .   y - +1 robe {Will+}
rPois   +          Reflect  .   (helmet restricted)
rElec   +          Harm     .   (no cloak)
rCorr   +          Rampage  .   (gloves unavailable)
Will    +++..                   (boots unavailable)
Stlth   ++........              M - amulet of faith
HPRegen 0.31/turn               L - ring of willpower
MPRegen 0.19/turn               I - ring of ice

@: about to teleport, resistant
A: large, unfitting armour, tough skin 1
a: Renounce Religion


You were in an ice cave.
You worshipped Vehumet.
Vehumet was extremely pleased with you.
You visited 3 branches of the dungeon, and saw 13 of its levels.
You also visited: Ice Cave.

You collected 917 gold pieces.

Inventory:

Hand Weapons
 e - a +0 dagger
 i - a +0 war axe
 j - the +7 flail "Gusmep" (weapon) {speed, Int+3 Dex+3}
   (You found it on level 2 of the Dungeon)

   Attacks with this weapon are significantly faster.
   Int:       It affects your intelligence (+3).
   Dex:       It affects your dexterity (+3).
Missiles
 a - 348 stones
 C - a throwing net
Armour
 b - a +0 robe
 u - +0 ice dragon scales
 y - a +1 robe of willpower (worn)
 K - a +0 kite shield (worn)
Magical Staves
 o - a staff of conjuration
Jewellery
 l - an amulet of magic regeneration
 F - a ring of positive energy
 I - a ring of ice (right hand)
 L - a ring of willpower (left hand)
 M - an amulet of faith (around neck)
 N - a ring of resist corrosion
 O - a ring of fire
 U - a ring of ice
Wands
 s - a wand of polymorph (4)
 B - a wand of iceblast (15)
 H - a wand of digging (3)
 Q - a wand of mindburst (26)
 R - a wand of charming (8)
Scrolls
 g - 2 scrolls of silence
 k - 3 scrolls of amnesia
 m - a scroll of torment
 t - 2 scrolls of poison
 v - 3 scrolls of fog
 x - a scroll of enchant weapon
 G - 3 scrolls of vulnerability
 J - a scroll of fear {unknown}
 S - a scroll of brand weapon
 V - a scroll of noise {unknown}
Potions
 c - 2 potions of magic
 d - 2 potions of resistance
 f - a potion of cancellation {unknown}
 n - 3 potions of might
 q - 3 potions of heal wounds {unknown}
 r - 2 potions of degeneration {unknown}
 w - 4 potions of attraction {unknown}
 z - a potion of curing {unknown}
 A - a potion of lignification {unknown}
 D - 3 potions of haste
 E - 4 potions of flight {unknown}
 P - a potion of brilliance {unknown}
 T - 2 potions of mutation {unknown}


   Skills:
 - Level 10.0 Fighting
 - Level 1.7 Dodging
 - Level 2.5 Stealth
 - Level 10.0 Shields
 - Level 8.0 Spellcasting
 + Level 9.8 Conjurations
 - Level 0.8 Transmutations
 - Level 5.0 Earth Magic
 - Level 8.0 Poison Magic


You had 8 spell levels left.
You knew the following spells:

 Your Spells              Type           Power      Damage    Failure   Level
a - Sandblast             Erth           64%        2d14      1%          1
b - Stone Arrow           Conj/Erth      86%        3d12      1%          3
c - Olgreb's Toxic Radia  Pois           46%        N/A       1%          4
d - Ignite Poison         Fire/Tmut/Pois 22%        N/A       3%          3
e - Iskenderun's Mystic   Conj/Tloc      31%        2d8       4%          4
f - Flame Wave            Conj/Fire      31%        2d8       4%          4

Your spell library contained the following spells:

 Spells                   Type           Power      Damage    Failure   Level
 Sting                    Tmut/Pois      100%       1d8       1%          1
 Poisonous Vapours        Pois/Air       54%        N/A       1%          2
 Iskenderun's Battlesphe  Conj           53%        2d10      1%          5
 Scorch                   Fire           18%        2d5       5%          2
 Passwall                 Tmut/Erth      18%        N/A       6%          2
 Apportation              Tloc           18%        N/A       13%         1
 Fireball                 Conj/Fire      15%        3d8       13%         5
 Petrify                  Tmut/Erth      22%        N/A       36%         4
 Orb of Destruction       Conj           26%        9d9       41%         7
 Alistair's Intoxication  Tmut/Pois      19%        N/A       50%         5
 Conjure Ball Lightning   Conj/Air       15%        3x3d6     52%         6
 Summon Cactus Giant      Summ           4%         N/A       100%        6


Dungeon Overview and Level Annotations

Branches:
Dungeon (9/15)             Temple (1/1) D:7            Lair (3/6) D:8
 Shoals (0/4) Lair:2        IceCv (1/1)
  Snake: Lair:2-4    Spider: Lair:2-4       Orc: D:9-12

Altars:
Dithmenos
Fedhas
Gozag
Kikubaaqudgha
Makhleb
Qazlal
Sif Muna
Trog
Vehumet
Xom
Yredelemnul
Zin
The Shining One

Shops:
D:1 (   D:4 (   D:9 *

Annotations:
D:6 2 runed translucent doors IceCv exclusion: ice statue


Innate Abilities, Weirdness & Mutations

You are too large for most types of armour.
You have tough skin. (AC +1)


Message History

Your weapon can't reach that far!
Okay, then.
Casting: Flame Wave (mildly dangerous; 4% risk of failure)
Confirm with . or Enter, or press ? or * to list all spells.
Okay, then.
Okay, then.
Casting: Flame Wave (mildly dangerous; 4% risk of failure)
Confirm with . or Enter, or press ? or * to list all spells.
Aiming: Stone Arrow (safe; 1% risk of failure)
Press: ? - help, Shift-Dir - straight line, f - reaper
Aim: a reaper, wielding a +2 scythe of freezing (76% to hit)
The stone arrow hits the reaper!!
The reaper is moderately wounded.
The reaper hits you from afar with a +2 scythe of freezing!!
* * * LOW HITPOINT WARNING * * *
The reaper freezes you.
* * * LOW HITPOINT WARNING * * *
Blink to where?
Press: ? - help, Dir - move target, p - reaper
As you read the scroll of blinking, it crumbles to dust.
It was a potion of resistance.
You feel protected.
As you read the scroll of teleportation, it crumbles to dust.
You feel strangely unstable.
Casting: Stone Arrow (safe; 1% risk of failure)
Confirm with . or Enter, or press ? or * to list all spells.
Aiming: Stone Arrow (safe; 1% risk of failure)
Press: ? - help, Shift-Dir - straight line, f - reaper
Aim: a reaper, wielding a +2 scythe of freezing (moderately wounded, 76% to hit)
The stone arrow hits the reaper!!
The reaper is heavily wounded.
Casting: Stone Arrow (safe; 1% risk of failure)
Confirm with . or Enter, or press ? or * to list all spells.
Aiming: Stone Arrow (safe; 1% risk of failure)
Press: ? - help, Shift-Dir - straight line, f/p - reaper
Aim: a reaper, wielding a +2 scythe of freezing (heavily wounded, 76% to hit)
The stone arrow hits the reaper.
The reaper is heavily wounded.
The reaper hits you from afar with a +2 scythe of freezing!!
You die...

###### ###.#§.# )#
####....§.## $.
#.#...§§§.○. ###.
#####..##...§°§☼ ##.Z.
###....#######.§.§
#Z... ##...#....###
####☼
#ZZ.###..####.....##
##
#..2##.@#####.....###
#
###..##...######....##
#.2###2.⌠..# ##....##
#.##.#Z#...## ###...##
#. ##.######
#########..# # ###
###....##...##
###...#....####
#....####### ##...####
##


You could see a reaper and a cane toad simulacrum.

Vanquished Creatures
  A hydra (Lair:1)
  Erica (Lair:1)
  A two-headed ogre (D:9)
  A death yak (D:8)
  A wolf spider (Lair:1)
  A black mamba (Lair:2)
  An elephant (D:8)
  3 cane toads
  2 rime drakes (Lair:3)
  3 komodo dragons
  An anaconda simulacrum (IceCv)
  An ice devil (IceCv)
  An entropy weaver simulacrum (IceCv)
  Grinder (D:6)
  7 blink frogs
  2 dire elephant simulacra (IceCv)
  2 wyverns
  2 basilisks
  17 yaks
  2 death yak simulacra (IceCv)
  An acid dragon (D:9)
  7 water moccasins
  3 black bears
  2 orc warriors (D:9)
  2 sky beasts
  17 wolves
  2 ice beasts
  4 centaurs
  10 bullfrogs
  2 gnoll sergeants
  2 kobold brigands
  3 scorpions
  5 two-headed ogre simulacra (IceCv)
  2 cane toad simulacra (IceCv)
  10 wights
  An elephant simulacrum (IceCv)
  6 killer bees (D:9)
  An electric eel (Lair:1)
  A gnoll shaman (D:4)
  6 orc priests
  4 hounds
  4 jellies
  An iguana (D:4)
  Natasha (twice) (D:2)
  8 orc wizards
  6 troll simulacra (IceCv)
  2 polar bear simulacra (IceCv)
  5 spriggan simulacra (IceCv)
  2 wolf simulacra (IceCv)
  Robin (D:3)
  9 adders
  13 gnolls
  3 naga simulacra (IceCv)
  11 white imps
  5 ufetubi
  4 dart slugs
  51 orcs
  10 ball pythons
  4 bats
  8 endoplasms
  4 giant cockroaches
  16 hobgoblins
  6 jackals (D:2)
  4 quokkas
  4 frilled lizards
  17 goblins
  14 kobolds
  5 rats
361 creatures vanquished.

Vanquished Creatures (others)
  8 fungi
  10 plants
18 creatures vanquished.

Grand Total: 379 creatures vanquished

Notes
Turn   | Place    | Note
-------+----------+-------------------------------------------
     0 | D:1      | Bruhh the Ogre Earth Elementalist began the quest for the
                  | Orb.
     0 | D:1      | Reached XP level 1. HP: 16/16 MP: 3/3
   446 | D:1      | Reached XP level 2. HP: 24/24 MP: 2/5
   718 | D:1      | Found Archaep's Weapon Emporium.
   960 | D:1      | Found a faded altar of an unknown god.
   966 | D:1      | Reached XP level 3. HP: 20/31 MP: 5/7
  1335 | D:2      | Identified the +7 flail "Gusmep" {speed, Int+3 Dex+3}
  1578 | D:2      | You fall into a shaft and drop 2 floors!
  1581 | D:4      | Noticed a scorpion
  1586 | D:4      | Killed a scorpion
  1587 | D:4      | Reached XP level 4. HP: 39/39 MP: 3/10
  1748 | D:4      | Reached XP level 5. HP: 37/45 MP: 7/11
  1871 | D:2      | Noticed Natasha
  1875 | D:2      | Killed Natasha
  2309 | D:2      | Found a glowing golden altar of the Shining One.
  2618 | D:2      | Noticed Natasha
  2630 | D:2      | Killed Natasha
  2631 | D:2      | Reached skill level 5 in Spellcasting
  2631 | D:2      | Reached XP level 6. HP: 44/53 MP: 13/13
  2848 | D:3      | Learned a level 3 spell: Stone Arrow
  3251 | D:3      | Reached skill level 1 in Conjurations
  3486 | D:3      | Noticed Robin
  3520 | D:3      | Killed Robin
  3521 | D:3      | Reached skill level 5 in Earth Magic
  3708 | D:3      | Found a shimmering blue altar of Sif Muna.
  4249 | D:4      | Reached XP level 7. HP: 46/59 MP: 8/14
  4384 | D:4      | Found Mounaug's Weapon Shoppe.
  5278 | D:5      | Entered Level 5 of the Dungeon
  5539 | D:5      | Reached XP level 8. HP: 67/67 MP: 14/17
  6567 | D:6      | Reached skill level 5 in Conjurations
  6589 | D:6      | Reached skill level 1 in Poison Magic
  6644 | D:6      | Noticed Grinder
  6654 | D:6      | Killed Grinder
  6655 | D:6      | Reached XP level 9. HP: 72/74 MP: 4/21
  7250 | D:6      | Found a runed translucent door.
  7252 | D:6      | Found a runed translucent door.
  7536 | D:7      | Reached skill level 5 in Poison Magic
  7891 | D:7      | Learned a level 4 spell: Olgreb's Toxic Radiance
  8049 | D:7      | Found a staircase to the Ecumenical Temple.
  8068 | Temple   | Entered the Ecumenical Temple
  8092 | Temple   | Became a worshipper of Vehumet
  8234 | D:7      | Found a glowing silver altar of Zin.
  9032 | D:8      | Noticed an elephant
  9045 | D:8      | Killed an elephant
  9046 | D:8      | Reached skill level 5 in Fighting
  9160 | D:8      | Noticed a death yak
  9161 | D:8      | Found a staircase to the Lair.
  9184 | D:8      | Reached XP level 10. HP: 62/104 MP: 5/22
  9184 | D:8      | Killed a death yak
  9186 | D:8      | Reached skill level 10 in Fighting
  9187 | D:8      | Reached skill level 1 in Shields
  9694 | D:8      | Reached * piety under Vehumet
  9694 | D:8      | Offered knowledge of Foxfire by Vehumet.
 10050 | D:8      | Found a shimmering altar of Xom.
 10059 | D:8      | Found a glowing golden altar of the Shining One.
 10481 | D:9      | Reached skill level 5 in Shields
 10485 | D:9      | Reached ** piety under Vehumet
 10488 | D:9      | Offered knowledge of Freeze by Vehumet.
 10848 | D:9      | Noticed a two-headed ogre
 10852 | D:9      | Killed a two-headed ogre
 10853 | D:9      | Reached XP level 11. HP: 117/117 MP: 8/23
 10941 | D:9      | Found an opulent altar of Gozag.
 10941 | D:9      | Found Gozag's Platinum Reserve.
 11060 | D:9      | Offered knowledge of Ignite Poison by Vehumet.
 11065 | D:9      | Learned a level 3 spell: Ignite Poison
 11521 | Lair:1   | Entered Level 1 of the Lair of Beasts
 11774 | Lair:1   | Reached *** piety under Vehumet
 11887 | Lair:1   | Noticed a wolf spider
 11892 | Lair:1   | Killed a wolf spider
 12209 | Lair:1   | Noticed a six-headed hydra
 12216 | Lair:1   | Killed a six-headed hydra
 12216 | Lair:1   | Offered knowledge of Sticky Flame by Vehumet.
 12365 | Lair:1   | Found a bloodstained altar of Trog.
 12825 | Lair:1   | Noticed Erica
 12904 | Lair:1   | Killed Erica
 12905 | Lair:1   | Reached skill level 10 in Shields
 13772 | Lair:2   | Reached XP level 12. HP: 83/126 MP: 13/24
 14097 | Lair:2   | Reached **** piety under Vehumet
 14395 | Lair:2   | Found a staircase to the Shoals.
 14411 | Lair:2   | Offered knowledge of Yara's Violent Unravelling by Vehumet.
 15014 | Lair:3   | Found a frozen archway.
 15081 | IceCv    | Entered an ice cave
 15920 | IceCv    | Reached ***** piety under Vehumet
 16174 | IceCv    | Offered knowledge of Iskenderun's Mystic Blast by Vehumet.
 16831 | IceCv    | Noticed a reaper
 16848 | IceCv    | Learned a level 4 spell: Iskenderun's Mystic Blast
 16853 | IceCv    | Learned a level 4 spell: Flame Wave
 16877 | IceCv    | Mangled by a reaper

Illustrated notes

Levels and vault maps discovered:
D:1:      dpeg_arrival_round_c, layout_basic,
          shapermc_ecumenical_altar_starsandcircs, serial_shops,
          nicolae_shop_bloodbath_and_beyond
D:2:      layout_basic, basic_altar, minmay_shallow_snake_nest, uniq_natasha
D:3:      layout_basic, led_sif_book, minmay_cut_off, uniq_robin
D:4:      wad_river_or_something, layout_basic, serial_shops,
          nicolae_stop_n_shop_2, minmay_tree_intersection, eino_tiny_chamber
D:5:      corexii_shack_village, layout_basic, serial_bayou_crossing
D:6:      lemuel_insect_pit, layout_basic, uniq_grinder
D:7:      layout_basic, mainiacjoe_overflow_paths, minmay_temple_entry_arrows
D:8:      layout_basic, mainiacjoe_overflow_swirl, david_lair_generic
D:9:      layout_basic, nicolae_gozag_zags_fifth_avenue, special_room
          [special_room_orc], lemuel_another_geyser
Temple:   eino_temple_scatter_basement
Lair:1:   layout_hall_layers, basic_altar, nicolae_lair_run_with_the_wolves,
          grunt_megastairs_5, infiniplex_staircase_pool, uniq_erica
Lair:2:   layout_hall_layers, minmay_shoals_entry_centaurs,
          small_statue_intersection
Lair:3:   layout_gridlike, portal_ice_cave_rime, patterned_corridor
IceCv:    ice_cave_caverns_01

Skill      XL: |  1  2  3  4  5  6  7  8  9 10 11 12 |
---------------+-------------------------------------+-----
Earth Magic    | 3 4 5 |  5.0
Spellcasting   | 3 4 5 6 8 |  8.0
Conjurations   | 2 4 5 6 9 |  9.8
Stealth        | 2 |  2.5
Poison Magic   | 3 6 8 |  8.0
Fighting       | 8 10 | 10.0
Shields        | 7 10 | 10.0
Dodging        | |  1.7
Transmutations | |  0.8

Action                   |  1- 3 |  4- 6 |  7- 9 | 10-12 || total
-------------------------+-------+-------+-------+-------++-------
Melee: Dagger            |    60 |       |       |       ||    60
       Punch             |     2 |     2 |       |       ||     4
       War axe           |    20 |       |       |       ||    20
       Flail             |     5 |   104 |    43 |    44 ||   196
 Cast: Sandblast         |    20 |    41 |   139 |    31 ||   231
       Stone Arrow       |       |       |     6 |   186 ||   192
       Olgreb's Toxic Ra |       |       |     8 |    34 ||    42
       Ignite Poison     |       |       |       |     9 ||     9
       Flame Wave        |       |       |       |     2 ||     2
  Use: Scroll            |       |       |     1 |    14 ||    15
       Potion            |       |       |       |     1 ||     1
 Stab: Sleeping          |     2 |     3 |       |       ||     5
Armor: Robe              |    24 |    20 |    21 |    14 ||    79
Dodge: Dodged            |    47 |    50 |    53 |    59 ||   209
Block: Kite shield       |       |       |       |    58 ||    58

Table legend: (Time is in decaauts)
 A = Elapsed time spent in this place.
 B = Non-inter-level travel time spent in this place.
 C = Inter-level travel time spent in this place.
 D = Time resting spent in this place.
 E = Time spent auto-exploring this place.
 F = Levels seen in this place.
 G = Mean time per level.
                   A        B        C        D        E       F      G
               +--------+--------+--------+--------+--------+-----+--------+
         Total |  16887 |  16525 |    362 |    951 |  13457 |  14 | 1206.2 |
       Dungeon |  11487 |  11176 |    311 |    498 |   9270 |   9 | 1276.3 |
        Temple |     41 |     25 |     16 |      0 |     12 |   1 |   41.0 |
          Lair |   3563 |   3529 |     34 |    324 |   2791 |   3 | 1187.7 |
      Ice Cave |   1794 |   1794 |      0 |    129 |   1384 |   1 | 1794.0 |
               +--------+--------+--------+--------+--------+-----+--------+

Top non-repeatable levels by time:
  Lair:1: 2296 daAuts
   IceCv: 1794 daAuts
     D:7: 1749 daAuts
     D:4: 1464 daAuts
     D:1: 1295 daAuts
     D:2: 1268 daAuts
     D:5: 1257 daAuts
     D:3: 1248 daAuts
     D:9: 1246 daAuts
     D:8: 1015 daAuts
     D:6: 942 daAuts
  Lair:2: 896 daAuts
  Lair:3: 370 daAuts
  Temple: 41 daAuts
